 Dungeon Crawl Stone Soup version 0.23.2-33-g5129a83184 (webtiles) character file.

Game seed: 11984970890136789115

2722 FishyPogo the Spear-Bearer (level 9, -3/80 HPs)
             Began as a Minotaur Gladiator on Aug 9, 2019.
             Shot with a sling bullet by Joseph (6 damage)
             ... on level 7 of the Dungeon.
             The game lasted 00:30:33 (5987 turns).

FishyPogo the Spear-Bearer (Minotaur Gladiator)     Turns: 5987, Time: 00:30:33

Health: -3/80      AC:  8    Str: 20    XL:     9   Next: 39%
Magic:  9/9        EV: 16    Int:  5    God:
Gold:   347        SH:  0    Dex: 14    Spells: 8/8 levels left

rFire    x . .     SeeInvis +   a - +5 scythe
rCold    + . .     Gourm    .   (shield currently unavailable)
rNeg     . . .     Faith    .   M - +2 robe {MR+}
rPois    .         Spirit   .   c - +0 hat
rElec    .         Reflect  .   h - +0 cloak
rCorr    .         Harm     .   E - +0 pair of gloves
MR       +....                  j - +0 pair of boots
Stlth    +.........             w - amulet of regeneration
HPRegen  0.63/turn              J - ring of see invisible
MPRegen  0.11/turn              y - ring of ice

@: no status effects
A: retaliatory headbutt, horns 2
a: no special abilities


You were on level 7 of the Dungeon.
You were hungry.

You visited 1 branch of the dungeon, and saw 7 of its levels.
You also visited: Ossuary.

You collected 347 gold pieces.

Inventory:

Hand Weapons
 a - a +5 scythe (weapon)
 b - the +3 short sword of Magnificence {pain, rF+ rC+ Int+3}
   (You found it on level 7 of the Dungeon)

   In the hands of one skilled in necromantic magic, it inflicts extra damage on
   living creatures.
   It affects your intelligence (+3).
   It protects you from fire.
   It protects you from cold.
Missiles
 d - 3 throwing nets
 e - 171 stones (quivered)
 F - 6 poisoned tomahawks
Armour
 c - a +0 hat (worn)
 h - a +0 cloak (worn)
 j - a +0 pair of boots (worn)
 l - a +0 ring mail
 E - a +0 pair of gloves (worn)
 M - a +2 robe of magic resistance (worn)
Jewellery
 n - an uncursed ring of fire
 w - an amulet of regeneration (around neck)
 x - an uncursed amulet of harm
 y - a ring of ice (right hand)
 J - a ring of see invisible (left hand)
Wands
 C - a wand of enslavement (14)
Scrolls
 g - 4 scrolls of noise {unknown}
 k - 8 scrolls of identify {unknown}
 p - 3 scrolls of blinking {unknown}
 u - 5 scrolls of teleportation {unknown}
 G - 2 scrolls of amnesia {unknown}
 H - 2 scrolls of enchant weapon
 I - a scroll of acquirement {unknown}
 K - a scroll of immolation {unknown}
 L - 2 scrolls of remove curse
Potions
 i - 4 potions of agility {unknown}
 m - 2 potions of invisibility {unknown}
 o - a potion of degeneration {unknown}
 q - a potion of ambrosia {unknown}
 r - 4 potions of curing {unknown}
 s - a potion of mutation {unknown}
 t - 3 potions of heal wounds
 v - 3 potions of flight {unknown}
 z - a potion of magic {unknown}
 A - 2 potions of brilliance {unknown}
 B - a potion of lignification {unknown}
 D - 2 potions of haste {unknown}
Comestibles
 f - 8 rations


   Skills:
 * Level 7.7 Fighting
   Level 2.6 Maces & Flails
 + Level 9.4 Polearms
 - Level 3.0 Throwing
 * Level 6.0 Armour
 + Level 7.1 Dodging
 + Level 1.5 Evocations


You had 8 spell levels left.
You didn't know any spells.
Your spell library contained the following spells:

 Spells                   Type           Power        Failure   Level  Hunger
 Corona                   Hex            #......      47%         1    ##.....
 Flame Tongue             Conj/Fire      #....        47%         1    ##.....
 Corpse Rot               Necr           N/A          63%         2    ###....
 Ensorcelled Hibernation  Hex/Ice        #.....       63%         2    ###....
 Throw Flame              Conj/Fire      #.....       63%         2    ###....
 Confuse                  Hex            #.......     85%         3    ####...
 Conjure Flame            Conj/Fire      #.......     85%         3    ####...
 Dazzling Spray           Conj/Hex       #.....       85%         3    ####...
 Inner Flame              Hex/Fire       #.......     85%         3    ####...
 Stone Arrow              Conj/Erth      #.....       85%         3    ####...
 Tukima's Dance           Hex            #.......     85%         3    ####...
 Leda's Liquefaction      Hex/Erth       #.........   99%         4    #####..
 Sticky Flame             Conj/Fire      #.......     99%         4    #####..
 Fireball                 Conj/Fire      #.........   100%        5    ######.
 Summon Forest            Summ/Tloc      #.........   100%        5    ######.
 Hydra Form               Tmut           #.........   100%        6    #######
 Summon Hydra             Summ           #.........   100%        7    #######


Dungeon Overview and Level Annotations

Branches:
Dungeon (7/15)
 Temple: D:4-7

Altars:
Gozag
Hepliaklqana
Okawaru
Qazlal
Xom
Zin

Shops:
D:5 }

Annotations:
D:3 Purgy
D:7 Joseph


Innate Abilities, Weirdness & Mutations

You reflexively headbutt those who attack you in melee.
You have a pair of horns on your head.


Message History

Joseph unwields a +2 hunting sling of velocity.
Joseph wields a +0 quarterstaff.
Joseph hits you with a +0 quarterstaff!
* * * LOW HITPOINT WARNING * * *
It was a potion of heal wounds.
You feel much better. Joseph hits you with a +0 quarterstaff!
* * * LOW HITPOINT WARNING * * *
Okay, then.
Joseph unwields a +0 quarterstaff.
Joseph wields a +2 hunting sling of velocity.
Joseph shoots a sling bullet.
The sling bullet misses you.
You see here 5 sling bullets.
Joseph shoots a sling bullet.
The sling bullet misses you.
You see here a sling bullet.
Okay, then.
Aiming: Enslavement
Press: ? - help, Shift-Dir - straight line, f/p - Joseph
Aim: Joseph, wielding a +2 hunting sling of velocity and wearing a +0 leather armour (lightly wounded, chance to defeat MR: 32%) Joseph easily resists.
Joseph shoots a sling bullet.
The sling bullet hits you!
* * * LOW HITPOINT WARNING * * *
You die...

.###.......).#.##).......
.# #.......##.###.#...##
.# ##.....###.. .....# .#
##...## #### ###.## .#
##'## # .# #.# ## #.#
##.##########
##.........@.#
######.....######.#
..........## #(#
...###.#..# #@#
##.###.#..###.........#
#............###.#####
#####.#..#######.#
#.#..........#
######.#.###### #########


You could see Joseph.

Vanquished Creatures
  Sigmund (D:3)
  3 sky beasts
  An orc warrior (D:6)
  A centaur (D:5)
  An ogre (D:5)
  A big kobold (D:5)
  2 bullfrogs
  A gnoll sergeant (D:6)
  11 scorpions (Ossuary)
  6 killer bees (D:4)
  4 crimson imps
  A hound (D:6)
  A centaur skeleton (D:5)
  2 centaur zombies (Ossuary)
  2 orc priests
  3 orc wizards
  Terence (D:3)
  Jessica (D:2)
  5 worker ants
  2 big kobold zombies (Ossuary)
  A hound skeleton (D:6)
  4 mummies
  A worker ant zombie (D:7)
  11 adders
  4 gnolls (D:6)
  A howler monkey skeleton (D:4)
  5 scorpion zombies (Ossuary)
  A shadow imp (D:5)
  An ooze (D:6)
  An adder zombie (D:5)
  An adder skeleton (D:4)
  5 worms
  2 dart slugs (D:1)
  6 leopard geckos
  18 orcs
  7 bats
  8 giant cockroaches
  A gnoll zombie (Ossuary)
  11 goblins
  9 hobgoblins
  4 jackals
  9 kobolds
  A ball python (D:3)
  6 frilled lizards
  2 goblin zombies
  A hobgoblin zombie (Ossuary)
  3 kobold zombies
  2 orc zombies (Ossuary)
  A quokka skeleton (D:5)
  9 rats
186 creatures vanquished.

Notes
Turn   | Place    | Note
-------+----------+-------------------------------------------
     0 | D:1      | FishyPogo the Minotaur Gladiator began the quest for the
                  | Orb.
     0 | D:1      | Reached XP level 1. HP: 18/18 MP: 0/0
    53 | D:1      | Reached XP level 2. HP: 10/25 MP: 1/1
    60 | D:1      | Reached skill level 1 in Armour
   529 | D:1      | Reached XP level 3. HP: 30/30 MP: 2/2
   933 | D:2      | Reached skill level 4 in Polearms
  1202 | D:2      | Reached XP level 4. HP: 34/37 MP: 3/3
  1389 | D:2      | Noticed Jessica
  1400 | D:2      | Killed Jessica
  2030 | D:3      | Reached XP level 5. HP: 34/45 MP: 4/4
  2206 | D:3      | Reached skill level 1 in Maces & Flails
  2279 | D:3      | Noticed Sigmund
  2283 | D:3      | Noticed Purgy
  2378 | D:3      | Killed Sigmund
  2378 | D:3      | Reached XP level 6. HP: 44/52 MP: 5/5
  2533 | D:3      | Noticed Terence
  2540 | D:3      | Killed Terence
  2820 | D:4      | Found a sand-covered staircase.
  2831 | D:4      | Reached XP level 7. HP: 27/59 MP: 6/6
  2900 | Ossuary  | Entered an ossuary
  2939 | Ossuary  | Reached skill level 5 in Polearms
  2939 | Ossuary  | Reached skill level 5 in Armour
  3025 | Ossuary  | Reached skill level 5 in Dodging
  3066 | Ossuary  | Reached skill level 5 in Fighting
  3066 | Ossuary  | Reached skill level 6 in Polearms
  3175 | Ossuary  | Reached XP level 8. HP: 69/69 MP: 7/7
  3244 | Ossuary  | Reached skill level 7 in Polearms
  3589 | D:4      | Reached skill level 8 in Polearms
  3941 | D:4      | Found a shimmering altar of Xom.
  4175 | D:5      | Entered Level 5 of the Dungeon
  4376 | D:5      | Reached skill level 9 in Polearms
  4388 | D:5      | Found Vuluegif's Gadget Shoppe.
  4433 | D:5      | Reached XP level 9. HP: 75/78 MP: 8/8
  4540 | D:5      | Found a hazy altar of Hepliaklqana.
  4561 | D:5      | Found a glowing silver altar of Zin.
  4569 | D:5      | Found an iron altar of Okawaru.
  5005 | D:6      | Reached skill level 1 in Evocations
  5164 | D:6      | Found a stormy altar of Qazlal.
  5428 | D:6      | Found an opulent altar of Gozag.
  5969 | D:7      | Got a blackened short sword
  5970 | D:7      | Identified the +3 short sword of Magnificence {pain, rF+
                  | rC+ Int+3} (You found it on level 7 of the Dungeon)
  5977 | D:7      | Noticed Joseph
  5987 | D:7      | HP: 3/80 [Joseph/sling bullet (17)]
  5987 | D:7      | Shot with a sling bullet by Joseph

Skill      XL: |  1  2  3  4  5  6  7  8  9 |
---------------+----------------------------+-----
Armour         | 1 2 4 5 6 |  6.0
Polearms       | 4 6 9 |  9.4
Fighting       | 3 4 5 6 7 |  7.7
Throwing       | 3 |  3.0
Dodging        | 4 5 6 7 |  7.1
Maces & Flails | 2 |  2.6
Evocations     | 1 |  1.5

Action                   |  1- 3 |  4- 6 |  7- 9 || total
-------------------------+-------+-------+-------++-------
Melee: Trident           |    99 |    42 |       ||   141
       Headbutt          |     5 |    19 |    31 ||    55
       Flail             |       |    45 |       ||    45
       Scythe            |       |    26 |   233 ||   259
Throw: Stone             |       |    27 |    38 ||    65
Evoke: Wand              |       |       |     1 ||     1
  Use: Scroll            |       |     5 |       ||     5
       Potion            |       |       |     1 ||     1
 Stab: Sleeping          |     1 |       |       ||     1
  Eat: Chunk             |     1 |     5 |     7 ||    13
       Ration            |       |       |     1 ||     1
Armor: Leather armour    |     7 |       |       ||     7
       Ring mail         |     8 |    26 |    98 ||   132
Dodge: Dodged            |    51 |    74 |   163 ||   288
